 Dungeon Crawl Stone Soup version 0.21.0-24-g2553a3340b (webtiles) character file.

35251 Esekla the Nimble (level 13, -12/74 HPs)
             Began as a Tengu Warper on Jan 21, 2018.
             Was a High Priest of Vehumet.
             Mangled by a five-headed hydra (13 damage)
             ... on level 5 of the Lair of Beasts.
             The game lasted 03:39:48 (20915 turns).

Esekla the Nimble (Tengu Warper)                   Turns: 20915, Time: 03:39:50

Health: -12/74     AC: 14    Str: 18    XL:     13   Next: 82%
Magic:  0/23       EV: 22    Int: 20    God:    Vehumet [*****.]
Gold:   338        SH:  7    Dex: 18    Spells: 0/24 levels left

rFire    . . .     SeeInvis .   v - +11 dagger of Evil {flame, rN+}
rCold    . . .     Gourm    .   p - +1 buckler
rNeg     + . .     Faith    .   c - +3 troll leather armour
rPois    .         Spirit   +   b - +0 hat
rElec    .         Reflect  .   (no cloak)
rCorr    .         Harm     .   (no gloves)
MR       .....     Clarity  +   (boots unavailable)
Stlth    +++.......             M - amulet of guardian spirit
HPRegen  0.62/turn              G - +4 ring of intelligence
MPRegen  0.18/turn              r - +6 ring of strength

@: lethally poisoned (-12 -> -12), icy armour, flying quickly and evasively
A: beak, talons 3, agile 1, clarity, robust 1, able to fly 1
a: Renounce Religion


You were on level 5 of the Lair of Beasts.
You worshipped Vehumet.
Vehumet was extremely pleased with you.
You were not hungry.

You visited 4 branches of the dungeon, and saw 19 of its levels.
You visited the Abyss 1 time.
You also visited: Ice Cave.

You collected 1178 gold pieces.
You spent 840 gold pieces at shops.

Inventory:

Hand Weapons
 k - a +4 dagger
 t - a +2 spear of venom
 v - the +11 dagger of Evil (weapon) {flame, rN+}
   (You found it on level 5 of the Dungeon)

   It has been specially enchanted to burn those struck by it, causing extra
   injury to most foes and up to half again as much damage against particularly
   susceptible opponents.
   It protects you from negative energy.
 x - the +4 halberd "Qilis" {protect, +Blink MP+9 Int-3 Stlth+}
   (You found it on level 4 of the Dungeon)

   It protects the one who uses it against injury (+AC on strike).
   It affects your intelligence (-3).
   It affects your magic capacity (+9).
   It lets you blink.
   It makes you more stealthy.
 L - a +3 antimagic dagger
 V - a +3 dagger of distortion
 X - a +3 battleaxe of freezing
 Y - a +1 demon blade of venom
Missiles
 e - 4 tomahawks of dispersal
 w - 13 tomahawks (quivered)
Armour
 b - a +0 hat (worn)
 c - a +3 troll leather armour (worn)
 g - a +0 buckler of cold resistance
 m - the +0 pair of gloves of Relativism {rElec rF+ Str+3 Dex-4}
   (You found it in an ice cave)

   It affects your strength (+3).
   It affects your dexterity (-4).
   It protects you from fire.
   It insulates you from electricity.
 p - a +1 buckler (worn)
 q - a +3 leather armour of magic resistance
 J - the +2 robe "Qiusirel" {rC+ Str+3}
   (You found it on level 5 of the Dungeon)

   It affects your strength (+3).
   It protects you from cold.
 N - the +2 robe "Nudidemm" {rPois Str+4}
   (You found it on level 6 of the Dungeon)

   It affects your strength (+4).
   It protects you from poison.
Jewellery
 d - a +4 ring of dexterity
 r - a +6 ring of strength (right hand)
 u - an uncursed ring of protection from fire
 y - an uncursed ring of protection from cold
 D - an uncursed ring of poison resistance
 G - a +4 ring of intelligence (left hand)
 M - an amulet of guardian spirit (around neck)
 R - an uncursed ring of fire
Wands
 s - a wand of paralysis (12)
 B - a wand of clouds (6)
 E - a wand of flame (25)
 F - a wand of digging (16)
 S - a wand of polymorph (9)
Scrolls
 h - 6 scrolls of identify
 l - 10 scrolls of teleportation
 o - a scroll of magic mapping
 K - a scroll of enchant weapon
 P - a scroll of blinking
 Q - 7 scrolls of remove curse
 W - 2 scrolls of fear
Potions
 i - 4 potions of brilliance
 j - 5 potions of lignification
 n - a potion of agility
 z - a potion of cancellation
 H - a potion of heal wounds {unknown}
 I - a potion of haste
 O - a potion of invisibility
 U - 2 potions of flight
Miscellaneous
 T - a phantom mirror
Comestibles
 f - 8 rations


   Skills:
 + Level 3.2 Fighting
 - Level 9.2(10.0) Short Blades
 * Level 6.0(8.5) Long Blades
 + Level 8.4 Polearms
 - Level 1.0 Throwing
 + Level 6.1 Armour
 + Level 9.3 Dodging
 + Level 6.7 Stealth
 + Level 6.8 Shields
 + Level 6.2 Spellcasting
 + Level 5.7 Conjurations
 + Level 4.9 Hexes
 + Level 3.5 Charms
 + Level 2.4 Translocations
 * Level 3.9 Ice Magic
 * Level 3.9 Air Magic
 * Level 5.5 Poison Magic
 - Level 4.1 Evocations


You couldn't memorise any spells.
You knew the following spells:

 Your Spells              Type           Power        Failure   Level  Hunger
a - Olgreb's Toxic Radia  Pois           ####....     3%          4    ####...
b - Blink                 Tloc           N/A          6%          2    None
c - Confuse               Hex            ####....     4%          3    ##.....
d - Dazzling Spray        Conj/Hex       ####..       1%          3    ##.....
e - Tukima's Dance        Hex            ####....     4%          3    ##.....
f - Ozocubu's Armour      Chrm/Ice       ###.....     8%          3    ##.....
g - Freezing Cloud        Conj/Ice/Air   ###.......   54%         6    #######


Dungeon Overview and Level Annotations

Branches:
Dungeon (12/15)            Temple (0/1) D:7            Lair (5/6) D:8
  Swamp (1/4) Lair:4        Snake (1/4) Lair:3
  Slime: Lair:5-6       Orc: D:9-12

Altars:
Fedhas
Kikubaaqudgha
Ru
Trog
Vehumet

Shops:
D:5 :

Annotations:
D:3 exclusion: oklob plant
Lair:2 exclusion: oklob plant, UranusSolar's ghost, journeyman DrFi


Innate Abilities, Weirdness & Mutations

You have a beak for a mouth.
You have claws for feet.
You can fly.
You are agile. (Dex +2)
You possess an exceptional clarity of mind.
You are robust. (+10% HP)


Message History

You feel sick.
You feel sick.
You feel sick.
You feel sick.
You feel sick.
You feel sick.
There is a stone staircase leading up here.
You feel sick. The five-headed hydra misses you.
The five-headed hydra closely misses you.
The five-headed hydra bites you but does no damage.
The five-headed hydra bites you!
* * * LOW HITPOINT WARNING * * *
The five-headed hydra closely misses you.
You feel sick. The five-headed hydra bites you!
* * * LOW HITPOINT WARNING * * *
The five-headed hydra completely misses you.
The five-headed hydra bites you!
* * * LOW HITPOINT WARNING * * *
The five-headed hydra bites you!
You die...

,*,,,,,#....≈≈≈≈≈≈≈≈.............
,,,,,.......≈≈≈≈≈≈≈≈≈............
,,,,,.......≈≈≈.≈≈≈≈≈............
,,,,,......≈≈≈≈.<.≈≈≈............
,,,,,..PPP.≈≈≈≈...≈≈≈...<........
,,*,*.#.P...≈≈≈≈≈≈≈≈≈.....÷.....#
******##PP..≈≈≈≈≈≈≈≈≈......#.....
*******#.....≈≈≈D≈≈.......÷.....P
**,,,,**.......≈@...+.[.....÷....
,+,,,,**...........##............
*,****,*.....##...+.+.....##.....
**,****,,....,#..##..............
,,,,**,,,...,*####*##.....#######
,,,,,,,,,..,,,****,,......,**,**.
,,,,,,,,,,,,,,,,,,,,.....,,,,,,,,
,,,,,,,,,,,,,,,,,,,,,,,,,,,,,,,,,
,,,,,,,,,,,,,,,,,,,,,,,,,,,,,,,,,


You could see a five-headed hydra.

Vanquished Creatures
  Gastronok (Lair:2)
  A reaper (IceCv)
  A hydra (Lair:3)
  5 two-headed ogres
  Sonja (D:10)
  An unseen horror (D:10)
  Joseph (D:8)
  5 black mambas
  Psyche (D:8)
  2 ice statues (IceCv)
  A torpor snail (Lair:4)
  6 spiny frogs
  The ghost of Andry07 the Fighter, a novice GrFi of Okawaru (D:6)
  12 ice devils (IceCv)
  3 komodo dragons
  2 rime drakes (Lair:5)
  A troll (D:10)
  4 blink frogs (Lair:3)
  6 hippogriffs
  Sigmund (D:3)
  A wraith (D:12)
  46 yaks
  2 wyverns
  4 vampire mosquitoes (D:12)
  A hungry ghost (D:9)
  6 swamp worms
  2 nagas (Lair:3)
  7 water moccasins
  8 porcupines
  3 ice beasts
  4 sky beasts
  5 orc warriors
  2 black bears
  2 phantoms (D:9)
  2 eyes of draining (D:6)
  2 ogres
  3 wolves (Lair:1)
  15 centaurs
  5 crocodiles
  18 bullfrogs
  4 killer bees (D:8)
  4 scorpions
  4 wights (D:10)
  An electric eel (Lair:4)
  A howler monkey (D:10)
  A centaur zombie (D:7)
  10 crimson imps
  3 bullfrog zombies
  2 bullfrog skeletons
  2 jellies
  7 orc priests
  6 hounds
  11 orc wizards
  2 iguanas
  2 centaur skeletons
  5 worker ants
  A killer bee zombie (D:6)
  A hound zombie (D:9)
  2 hound skeletons
  14 adders
  2 howler monkey skeletons
  2 shadow imps
  7 white imps (IceCv)
  7 ufetubi (IceCv)
  An ooze (D:5)
  An adder zombie (D:6)
  2 adder skeletons
  2 dart slugs
  2 leopard geckos
  36 orcs
  3 ball pythons
  3 bats
  7 giant cockroaches
  13 goblins
  6 hobgoblins
  12 jackals
  7 kobolds
  5 quokkas
  2 frilled lizards
  A giant cockroach zombie (D:5)
  A jackal skeleton (D:8)
  3 rats
  A butterfly (D:7)
  A plant (Lair:1)
404 creatures vanquished.

Vanquished Creatures (others)
  A human (D:3)
  2 white imps (IceCv)
  An ufetubus (IceCv)
  An orc (D:4)
  4 fungi
  2 plants
11 creatures vanquished.

Grand Total: 415 creatures vanquished

Notes
Turn   | Place    | Note
-------+----------+-------------------------------------------
     0 | D:1      | Esekla the Tengu Warper began the quest for the Orb.
     0 | D:1      | Reached XP level 1. HP: 12/12 MP: 4/4
    39 | D:1      | Reached XP level 2. HP: 15/17 MP: 6/6
   441 | D:1      | Reached XP level 3. HP: 21/21 MP: 7/7
  1266 | D:2      | Learned a level 2 spell: Shroud of Golubria
  1269 | D:2      | Learned a level 2 spell: Blink
  1652 | D:2      | Reached XP level 4. HP: 24/26 MP: 8/8
  1703 | D:3      | Found an ancient bone altar of Kikubaaqudgha.
  1703 | D:3      | Noticed Sigmund
  1942 | D:3      | Killed Sigmund
  1942 | D:3      | Reached skill level 5 in Long Blades
  1942 | D:3      | Reached skill level 1 in Shields
  1942 | D:3      | Gained mutation: You can fly. [Tengu growth]
  1942 | D:3      | Reached XP level 5. HP: 18/30 MP: 9/9
  1968 | D:3      | Reached XP level 6. HP: 24/35 MP: 10/10
  2011 | D:3      | Noticed a human
  2012 | D:3      | Killed a human
  2915 | D:4      | Got a bloodstained halberd
  3086 | D:4      | Reached XP level 7. HP: 29/40 MP: 11/11
  3158 | D:3      | Found a blossoming altar of Fedhas.
  3191 | D:3      | Noticed an oklob plant
  3587 | D:3      | Identified the +4 halberd "Qilis" {protect, +Blink MP+9 Int-3 Stlth+} (You found it on level 4 of the Dungeon)
  3587 | D:3      | Cast into level 1 of the Abyss (a distortion unwield)
  3587 | Abyss:1  | Found a corrupted altar of Lugonu.
  3687 | Abyss:1  | Noticed a sixfirhy
  3688 | Abyss:1  | Noticed a smoke demon
  3697 | D:3      | Escaped the Abyss
  3872 | D:4      | Reached skill level 1 in Polearms
  3882 | D:4      | Reached skill level 1 in Stealth
  4082 | D:5      | Entered Level 5 of the Dungeon
  4109 | D:5      | Got a jewelled dagger
  4113 | D:5      | Identified the +11 dagger of Evil {flame, rN+} (You found it on level 5 of the Dungeon)
  4199 | D:5      | Reached skill level 1 in Short Blades
  4294 | D:5      | Reached skill level 1 in Evocations
  4407 | D:5      | Found a radiant altar of Vehumet.
  4415 | D:5      | Became a worshipper of Vehumet
  4658 | D:5      | Reached XP level 8. HP: 33/44 MP: 12/12
  4816 | D:5      | Found Noshrahaf's Book Boutique.
  4819 | D:5      | Bought a book of Maledictions for 350 gold pieces
  4823 | D:5      | Learned a level 3 spell: Confuse
  4827 | D:5      | Learned a level 3 spell: Dazzling Spray
  4981 | D:5      | Got a faintly humming robe
  4992 | D:5      | Identified the +2 robe "Qiusirel" {rC+ Str+3} (You found it on level 5 of the Dungeon)
  5324 | D:7      | Reached skill level 1 in Hexes
  5645 | D:6      | Found a bloodstained altar of Trog.
  5655 | D:6      | Reached skill level 1 in Conjurations
  5767 | D:6      | Reached skill level 5 in Short Blades
  5777 | D:6      | Reached XP level 9. HP: 31/48 MP: 14/14
  5779 | D:6      | Reached * piety under Vehumet
  5779 | D:6      | Offered knowledge of Freeze by Vehumet.
  5812 | D:6      | Noticed Andry07's ghost (novice GrFi)
  6166 | D:6      | Got a distressingly furry robe
  6192 | D:6      | Killed Andry07's ghost
  6431 | D:6      | Identified the +2 robe "Nudidemm" {rPois Str+4} (You found it on level 6 of the Dungeon)
  6713 | D:6      | Reached skill level 5 in Dodging
  7162 | D:7      | Found a staircase to the Ecumenical Temple.
  7768 | D:8      | Noticed Joseph
  7785 | D:8      | Offered knowledge of Throw Frost by Vehumet.
  7800 | D:8      | Killed Joseph
  7800 | D:8      | Reached ** piety under Vehumet
  7800 | D:8      | Reached XP level 10. HP: 26/53 MP: 10/15
  7834 | D:8      | Noticed Psyche
  8213 | D:8      | Noticed a two-headed ogre
  8218 | D:8      | Killed a two-headed ogre
  8309 | D:8      | Found a sacrificial altar of Ru.
  8328 | D:8      | Killed Psyche
  8377 | D:8      | Found a staircase to the Lair.
  8572 | D:9      | Noticed a two-headed ogre
  8591 | D:9      | Learned a level 3 spell: Tukima's Dance
  8948 | Lair:1   | Entered Level 1 of the Lair of Beasts
  9371 | D:9      | Noticed a two-headed ogre
  9445 | D:9      | Reached skill level 5 in Conjurations
 10099 | D:10     | Entered Level 10 of the Dungeon
 10110 | D:10     | Noticed a two-headed ogre
 10582 | D:12     | Reached XP level 11. HP: 18/57 MP: 2/17
 10652 | D:12     | Noticed a manticore
 10894 | D:10     | Killed a two-headed ogre
 10894 | D:10     | Offered knowledge of Stone Arrow by Vehumet.
 10927 | D:10     | Reached skill level 5 in Polearms
 10946 | D:10     | Reached *** piety under Vehumet
 11099 | D:10     | Noticed Sonja
 11146 | D:10     | Killed Sonja
 11477 | D:9      | Killed a two-headed ogre
 11483 | D:9      | Offered knowledge of Olgreb's Toxic Radiance by Vehumet.
 11489 | D:9      | Learned a level 4 spell: Olgreb's Toxic Radiance
 11624 | D:9      | Reached skill level 1 in Poison Magic
 11696 | D:9      | Reached skill level 5 in Armour
 11761 | D:9      | Reached **** piety under Vehumet
 12227 | D:9      | Killed a two-headed ogre
 12237 | D:9      | Noticed a two-headed ogre
 12563 | Lair:1   | Reached XP level 12. HP: 62/62 MP: 16/20
 12638 | Lair:1   | Offered knowledge of Conjure Flame by Vehumet.
 12744 | Lair:1   | Reached skill level 5 in Shields
 13090 | Lair:1   | Reached skill level 5 in Spellcasting
 13682 | D:5      | Bought a book of Frost for 490 gold pieces
 13686 | D:5      | Learned a level 3 spell: Ozocubu's Armour
 14202 | D:9      | Killed a two-headed ogre
 14264 | D:10     | Reached skill level 1 in Ice Magic
 14430 | D:10     | Gained mutation: You are agile. (Dex +2) [potion of mutation]
 14430 | D:10     | Gained mutation: You possess an exceptional clarity of mind. [potion of mutation]
 14430 | D:10     | Gained mutation: You are robust. (+10% HP) [potion of mutation]
 15245 | Lair:2   | Reached skill level 1 in Charms
 15305 | Lair:2   | Noticed Gastronok
 15330 | Lair:2   | Killed Gastronok
 15330 | Lair:2   | Reached skill level 5 in Stealth
 15445 | Lair:2   | Reached ***** piety under Vehumet
 15492 | Lair:2   | Noticed UranusSolar's ghost (journeyman DrFi)
 15653 | Lair:2   | Offered knowledge of Freezing Cloud by Vehumet.
 16377 | Lair:3   | Reached XP level 13. HP: 66/72 MP: 20/22
 16463 | Lair:3   | Found a staircase to the Snake Pit.
 17148 | Lair:3   | Learned a level 6 spell: Freezing Cloud
 17201 | Lair:4   | Reached skill level 5 in Poison Magic
 17380 | Snake:1  | Entered Level 1 of the Snake Pit
 17783 | Lair:4   | Reached skill level 1 in Air Magic
 17903 | Lair:4   | Found a staircase to the Swamp.
 17914 | Swamp:1  | Entered Level 1 of the Swamp
 18037 | Lair:4   | Found a blossoming altar of Fedhas.
 18290 | Lair:5   | Found a frozen archway.
 18315 | IceCv    | Entered an ice cave
 18781 | IceCv    | Got a pair of fine gloves
 18789 | IceCv    | Identified the +0 pair of gloves of Relativism {rElec rF+ Str+3 Dex-4} (You found it in an ice cave)
 19031 | IceCv    | Noticed a reaper
 19216 | IceCv    | Killed a reaper
 20915 | Lair:5   | HP: 1/74 [five-headed hydra (10)]
 20915 | Lair:5   | Mangled by a five-headed hydra

Skill      XL: |  1  2  3  4  5  6  7  8  9 10 11 12 13 |
---------------+----------------------------------------+-----
Long Blades    | 3 5 6 |  6.0
Dodging        | 3 4 6 7 8 9 |  9.3
Armour         | 2 3 4 5 6 |  6.1
Shields        | 1 3 4 5 6 |  6.8
Polearms       | 1 3 6 7 8 |  8.4
Stealth        | 1 3 4 5 6 |  6.7
Short Blades   | 1 5 8 9 |  9.2
Evocations     | 1 3 4 |  4.1
Hexes          | 1 2 3 4 |  4.9
Conjurations   | 1 3 5 |  5.7
Spellcasting   | 3 4 5 6 |  6.2
Poison Magic   | 2 4 5 |  5.5
Ice Magic      | 2 3 |  3.9
Charms         | 2 3 |  3.5
Air Magic      | 3 |  3.9
Fighting       | 3 |  3.2
Throwing       | |  1.0
Translocations | |  2.4

Action                   |  1- 3 |  4- 6 |  7- 9 | 10-12 | 13-15 || total
-------------------------+-------+-------+-------+-------+-------++-------
Melee: Falchion          |    85 |    34 |       |       |       ||   119
       Kick              |    24 |    24 |    54 |   199 |   157 ||   458
       Peck              |     8 |    15 |    35 |   134 |    99 ||   291
       Dagger            |       |    33 |   230 |   580 |   402 ||  1245
       Halberd           |       |       |    11 |    20 |       ||    31
Throw: Tomahawk          |     1 |       |       |    24 |     5 ||    30
       Stone             |       |     7 |    16 |     4 |       ||    27
 Cast: Shroud of Golubri |       |     1 |       |       |       ||     1
       Dazzling Spray    |       |       |     1 |    26 |    14 ||    41
       Confuse           |       |       |       |     3 |       ||     3
       Tukima's Dance    |       |       |       |    11 |       ||    11
       Olgreb's Toxic Ra |       |       |       |     2 |       ||     2
       Ozocubu's Armour  |       |       |       |     6 |    17 ||    23
 Abil: Fly               |       |       |       |     8 |     2 ||    10
       Evoke Blink       |       |       |       |     1 |       ||     1
Evoke: Wand              |       |       |     3 |       |       ||     3
  Use: Scroll            |     4 |     2 |     9 |    19 |     1 ||    35
       Potion            |       |       |     3 |     5 |     7 ||    15
 Stab: Sleeping          |     1 |     1 |     2 |     7 |     7 ||    18
       Distracted        |       |       |     1 |       |     1 ||     2
       Invisible         |       |       |       |     7 |    10 ||    17
       Paralysed         |       |       |       |     1 |       ||     1
  Eat: Ration            |     1 |     1 |     5 |    10 |     4 ||    21
Armor: Leather armour    |    18 |     4 |    10 |    58 |       ||    90
       Robe              |       |       |    13 |       |    10 ||    23
       Skin              |       |       |    31 |    22 |       ||    53
       Troll leather arm |       |       |       |     2 |    28 ||    30
Dodge: Dodged            |    58 |    26 |    81 |   280 |   191 ||   636
Block: Buckler           |       |    11 |    43 |    90 |    87 ||   231
       Rpst.: Falchion   |    16 |     4 |       |       |       ||    20
